 Dungeon Crawl Stone Soup version 0.27.1-34-g3ba077fa99 (webtiles) character file.

Game seed: 4474715578757587126

2709 McKennaii the Destroyer (level 9, 0/62 HPs)
             Began as a Demigod Conjurer on Jan 9, 2022.
             Killed from afar by Joseph (3 damage)
             ... with a puff of flame
             ... on level 7 of the Dungeon.
             The game lasted 00:08:22 (7131 turns).

McKennaii the Destroyer (Demigod Conjurer)          Turns: 7131, Time: 00:08:22

Health: 0/62       AC:  5    Str:  8    XL:     9   Next: 16%
Magic:  10/21      EV: 13    Int: 32    God:
Gold:   24         SH:  0    Dex: 12    Spells: 13/20 levels left

rFire    + . .     SeeInvis +   i - +0 scimitar
rCold    . . .     Faith    .   (no shield)
rNeg     . . .     Spirit   .   x - +1 robe {rF+}
rPois    .         Reflect  .   d - +0 helmet
rElec    .         Harm     .   C - +0 cloak
rCorr    .         Rampage  .   (no gloves)
Will     .....                  (no boots)
Stlth    ++........             (no amulet)
HPRegen  0.20/turn              v - ring of see invisible
MPRegen  0.17/turn              (no ring)

@: no status effects
A: high mp 1, forlorn
a: no special abilities


You were on level 7 of the Dungeon.
You visited 1 branch of the dungeon, and saw 7 of its levels.

You collected 241 gold pieces.
You spent 217 gold pieces at shops.

Inventory:

Hand Weapons
 i - a +0 scimitar (weapon)
Armour
 d - a +0 helmet (worn)
 x - a +1 robe of fire resistance (worn)
 C - a +0 cloak (worn)
Magical Staves
 u - a staff of cold
Jewellery
 v - a ring of see invisible (left hand)
Wands
 q - a wand of iceblast (6)
Scrolls
 b - 3 scrolls of teleportation {unknown}
 j - a scroll of immolation {unknown}
 k - 7 scrolls of identify {unknown}
 l - a scroll of noise {unknown}
 o - a scroll of enchant weapon {unknown}
 p - 3 scrolls of enchant armour {unknown}
 r - a scroll of vulnerability {unknown}
 s - a scroll of summoning {unknown}
 t - 2 scrolls of blinking
 y - a scroll of magic mapping {unknown}
 A - a scroll of fear {unknown}
Potions
 a - 3 potions of lignification {unknown}
 c - a potion of resistance {unknown}
 e - 2 potions of heal wounds {unknown}
 f - 4 potions of curing {unknown}
 g - 2 potions of haste {unknown}
 h - a potion of might {unknown}
 m - a potion of invisibility {unknown}
 n - 3 potions of magic {unknown}
 w - a potion of cancellation {unknown}
 z - a potion of berserk rage {unknown}
 B - 2 potions of brilliance


   Skills:
 + Level 3.5 Dodging
 - Level 1.7 Stealth
 - Level 6.0 Spellcasting
 - Level 10.0 Conjurations
 - Level 2.0 Translocations


You had 13 spell levels left.
You knew the following spells:

 Your Spells              Type           Power      Damage    Failure   Level
a - Magic Dart            Conj           100%       1d8       1%          1
b - Searing Ray           Conj           100%       3d7       1%          2
c - Iskenderun's Mystic   Conj/Tloc      48%        2d11      3%          4

Your spell library contained the following spells:

 Spells                   Type           Power      Damage    Failure   Level
 Dazzling Flash           Conj/Hex       82%        N/A       1%          3
 Fulminant Prism          Conj/Hex       20%        3d13      6%          4
 Sublimation of Blood     Necr           4%         N/A       7%          2
 Portal Projectile        Hex/Tloc       32%        N/A       9%          3
 Call Canine Familiar     Summ           9%         N/A       14%         3
 Irradiate                Conj/Tmut      20%        3d20      16%         5
 Animate Dead             Necr           4%         N/A       41%         4
 Leda's Liquefaction      Hex/Erth       4%         N/A       41%         4
 Petrify                  Tmut/Erth      9%         N/A       41%         4
 Haunt                    Necr/Summ      4%         N/A       100%        7
 Infestation              Necr           4%         N/A       100%        8


Dungeon Overview and Level Annotations

Branches:
Dungeon (7/15)             Temple (0/1) D:4

Shops:
D:4 (   D:6 *

Annotations:
D:7 Joseph


Innate Abilities, Weirdness & Mutations

Your attributes grow dramatically as you level up.
You have an increased reservoir of magic. (+10% MP)
You shall have no god before yourself.


Message History

Joseph shoots a sling bullet.
The sling bullet barely misses you.
Unknown command.
The searing ray hits Joseph!
Joseph is moderately wounded.
Joseph shoots a sling bullet.
The sling bullet hits you!
Unknown command.
The searing ray misses Joseph.
You finish channeling your searing ray.
Okay, then.
Casting: Searing Ray (safe; 1% risk of failure)
Confirm with . or Enter, or press ? or * to list all spells.
Aiming: Searing Ray (safe; 1% risk of failure)
Press: ? - help, Shift-Dir - straight line, f/p - Joseph
Aim: Joseph, wielding a +0 hunting sling, wearing a +0 ring mail, quivering sling bullets and carrying a wand of flame (13) (moderately wounded, 85% to hit)
The searing ray hits Joseph.
Joseph is moderately wounded. (Press . to maintain the ray.) Joseph zaps a wand.
The puff of flame misses you.
The searing ray hits Joseph.
Joseph is heavily wounded.
Joseph shoots a sling bullet.
The sling bullet barely misses you.
Unknown command.
The searing ray hits Joseph!
Joseph is severely wounded.
Joseph zaps a wand.
The puff of flame hits you. You resist.
Unknown command.
The searing ray hits Joseph!
Joseph is severely wounded.
You finish channeling your searing ray.
Joseph shoots a sling bullet.
The sling bullet hits you!!
* * * LOW HITPOINT WARNING * * *
Unknown command.
Casting: Searing Ray (safe; 1% risk of failure)
Confirm with . or Enter, or press ? or * to list all spells.
Aiming: Searing Ray (safe; 1% risk of failure)
Press: ? - help, Shift-Dir - straight line, f/p - Joseph
Aim: Joseph, wielding a +0 hunting sling, wearing a +0 ring mail, quivering sling bullets and carrying a wand of flame (11) (severely wounded, 85% to hit)
The searing ray misses Joseph. (Press . to maintain the ray.) Joseph zaps a wand.
The puff of flame hits you. You resist.
You die...

#.................
#.##.##.#..##..###
#.......#).....##
#.##.....)))....#
#.#####.<##.....#
#.#####..##.....#
#..[.....##.....#
#.####.#.##.....#
#@####.#.########
#.##......#
#.##.#.#.##
#@##.#.###
#......#
####.#########
#.....(^.@#
#########...@ #


You could see Joseph.

Vanquished Creatures
  Pikel (D:5)
  2 centaur zombies
  Grinder (D:3)
  A water moccasin (D:5)
  An ogre (D:4)
  4 lemures
  A bullfrog (D:4)
  3 scorpions
  5 killer bees (D:5)
  A water moccasin skeleton (D:4)
  9 wights
  A howler monkey (D:4)
  2 jellies
  3 bullfrog zombies
  4 hounds
  An orc priest (D:5)
  Jessica (D:3)
  2 iguanas
  An orc wizard (D:4)
  7 gnolls
  6 adders
  A white imp (D:5)
  An ufetubus (D:6)
  3 adder zombies (D:2)
  5 adder skeletons
  A dart slug (D:1)
  A worm (D:4)
  9 orcs
  8 ball pythons
  4 endoplasms
  A giant cockroach (D:1)
  5 hobgoblins
  8 jackals
  10 kobolds
  4 quokkas
  6 bats
  2 frilled lizards (D:1)
  A giant cockroach zombie (D:2)
  3 goblins
  A quokka skeleton (D:2)
  2 quokka zombies (D:2)
  4 rats (D:1)
137 creatures vanquished.

Vanquished Creatures (others)
  A plant (D:5)
  A withered plant (D:2)
2 creatures vanquished.

Grand Total: 139 creatures vanquished

Notes
Turn   | Place    | Note
-------+----------+-------------------------------------------
     0 | D:1      | McKennaii the Demigod Conjurer began the quest for the Orb.
     0 | D:1      | Reached XP level 1. HP: 14/14 MP: 5/5
   403 | D:1      | Reached XP level 2. HP: 20/20 MP: 4/8
  1457 | D:2      | Reached XP level 3. HP: 26/26 MP: 1/10
  1628 | D:2      | Learned a level 2 spell: Searing Ray
  2681 | D:3      | Reached XP level 4. HP: 33/33 MP: 2/12
  3025 | D:3      | Noticed Grinder
  3035 | D:3      | Killed Grinder
  3036 | D:3      | Reached skill level 5 in Spellcasting
  3036 | D:3      | Reached XP level 5. HP: 31/38 MP: 2/16
  3168 | D:3      | Noticed Jessica
  3170 | D:3      | Killed Jessica
  3171 | D:3      | Reached XP level 6. HP: 45/45 MP: 13/17
  3310 | D:4      | Reached skill level 4 in Conjurations
  3649 | D:4      | Reached skill level 5 in Conjurations
  3649 | D:4      | Reached XP level 7. HP: 32/50 MP: 7/19
  3767 | D:4      | Found a staircase to the Ecumenical Temple.
  3862 | D:4      | Found Oleamech's Weapon Boutique.
  4253 | D:5      | Entered Level 5 of the Dungeon
  4253 | D:5      | Noticed Pikel
  4662 | D:5      | Learned a level 4 spell: Iskenderun's Mystic Blast
  4789 | D:5      | Reached skill level 6 in Conjurations
  5076 | D:5      | Reached skill level 7 in Conjurations
  5140 | D:5      | Reached skill level 8 in Conjurations
  5140 | D:5      | Reached XP level 8. HP: 34/57 MP: 7/20
  5547 | D:5      | Killed Pikel
  5548 | D:5      | Reached skill level 9 in Conjurations
  6302 | D:6      | Reached skill level 10 in Conjurations
  6391 | D:6      | Reached skill level 1 in Translocations
  6391 | D:6      | Reached XP level 9. HP: 57/62 MP: 14/21
  6755 | D:6      | Found Vapagael's General Store.
  6763 | D:6      | Bought 2 potions of brilliance for 112 gold pieces
  6763 | D:6      | Bought a scroll of blinking for 105 gold pieces
  7107 | D:7      | Noticed Joseph
  7130 | D:7      | HP: 3/62 [Joseph/sling bullet (18)]
  7131 | D:7      | Killed from afar by Joseph

Illustrated notes

Levels and vault maps discovered:
D:1:      erik_arrival_blinker_ship, layout_basic,
          hellmonk_ecumenical_altar_zigzags, minmay_hedge_maze
D:2:      layout_rooms, serial_undead, serial_undead_c, serial_undead_a,
          serial_undead_a, serial_undead_b, serial_undead_d, minivault_25
D:3:      layout_loops_ring, uniq_jessica, uniq_grinder
D:4:      layout_cave_pools, cheibrodos_ashenzari_chains, temple_hall,
          serial_shops, nicolae_shop_crystal
D:5:      layout_rooms, general_overflow_altar,
          nicolae_overflow_quartered_altars, makhleb_heckhound_becter,
          minmay_misc_feat_chi, corexii_shack, grunt_ministairs_13, uniq_pikel
D:6:      layout_rooms, mainiacjoe_overflow_alcove_1,
          mainiacjoe_overflow_catwalk_spiral, serial_shops, shop,
          minmay_misc_feat_more_columns, kennysheep_nub
D:7:      layout_loops_cross, the_hattery, uniq_crazy_yiuf_cottage, uniq_joseph

Skill      XL: |  1  2  3  4  5  6  7  8  9 |
---------------+----------------------------+-----
Spellcasting   | 2 3 5 6 |  6.0
Conjurations   | 5 8 10 | 10.0
Dodging        | 2 3 |  3.5
Translocations | 1 2 |  2.0
Stealth        | |  1.7

Action                   |  1- 3 |  4- 6 |  7- 9 || total
-------------------------+-------+-------+-------++-------
Melee: Scimitar          |       |    11 |     2 ||    13
 Cast: Magic Dart        |   120 |    55 |   123 ||   298
       Searing Ray       |       |     8 |    29 ||    37
       Iskenderun's Myst |       |       |     2 ||     2
Armor: Robe              |     5 |     5 |    18 ||    28
Dodge: Dodged            |    10 |    21 |    49 ||    80
       Rpst.: Scimitar   |     1 |     5 |    16 ||    22
